 Dungeon Crawl Stone Soup version 0.26-a0-812-g31a745ddcd (webtiles) character file.

Game seed: 12538367252268601416

42903 Ijustatesigmund the Fighter (level 14, -13/106 HPs)
             Began as an Octopode Fighter on Nov 13, 2020.
             Was a Follower of Cheibriados.
             Killed from afar by Jorgrun (55 damage)
             ... with an iron shot
             ... on level 12 of the Dungeon.
             The game lasted 00:31:28 (17820 turns).

Ijustatesigmund the Fighter (Octopode Fighter)     Turns: 17820, Time: 00:31:31

Health: -13/106    AC:  1    Str: 18    XL:     14   Next: 21%
Magic:  13/18      EV: 17    Int: 17    God:    Cheibriados [*.....]
Gold:   665        SH: 15    Dex: 16    Spells: 10/13 levels left

rFire    . . .     SeeInvis .   a - +6 war axe (vorpal)
rCold    . . .     Faith    .   b - +4 kite shield
rNeg     + . .     Spirit   .   (helmet restricted)
rPois    .         Reflect  .   (no amulet)
rElec    .         Harm     .   e - ring of resist corrosion
rCorr    +         Rampage  .   k - ring of positive energy
MR       +....     Rnd*Tele +   g - ring of stealth
Stlth    +++++++...             (no ring)
HPRegen  0.27/turn              (no ring)
MPRegen  0.16/turn              (no ring)
                                (no ring)
                                (no ring)

@: very slow
A: almost no armour, stealthy swim, amphibious, 8 rings, constrict 8, tentacle
spike 1, camouflage 1, deterioration 1, teleportitis 1, gelatinous body 1
a: Bend Time, Renounce Religion


You were on level 12 of the Dungeon.
You worshipped Cheibriados.
Cheibriados was aware of your devotion.
You visited 2 branches of the dungeon, and saw 13 of its levels.

You collected 842 gold pieces.
You spent 177 gold pieces at shops.

Inventory:

Hand Weapons
 a - a +6 vorpal war axe (weapon)
 r - a +4 flail of freezing
Armour
 b - a +4 kite shield (worn)
Jewellery
 e - a ring of resist corrosion (left tentacle)
 g - a ring of stealth (on tentacle)
 h - an uncursed ring of fire
 k - a ring of positive energy (right tentacle)
 n - an uncursed ring of ice
 p - an uncursed ring of fire
 t - an uncursed ring of wizardry
Wands
 j - a wand of digging (2)
 o - a wand of flame (89)
Scrolls
 d - 5 scrolls of remove curse
 l - 3 scrolls of immolation
 m - 4 scrolls of amnesia
 q - 2 scrolls of identify
 s - a scroll of fog
Potions
 c - a potion of brilliance
 f - 2 potions of flight
 i - 2 potions of lignification


   Skills:
 - Level 13.5 Fighting
 + Level 9.8 Axes
 + Level 7.7 Dodging
 - Level 10.9 Stealth
 + Level 7.7 Shields
 - Level 6.1 Translocations
 + Level 6.2 Invocations


You had 10 spell levels left.
You knew the following spells:

 Your Spells              Type           Power        Failure   Level
a - Magic Dart            Conj           #...         52%         1
b - Blink                 Tloc           N/A          7%          2

Your spell library contained the following spells:

 Spells                   Type           Power        Failure   Level
 Corona                   Hex            #......      52%         1
 Call Imp                 Summ           #.......     65%         2
 Ensorcelled Hibernation  Hex/Ice        #.....       65%         2
 Slow                     Hex            #.......     65%         2
 Confusing Touch          Hex            #.......     87%         3
 Conjure Flame            Conj/Fire      #.......     87%         3
 Dazzling Flash           Conj/Hex       #.....       87%         3
 Mephitic Cloud           Conj/Pois/Air  #.......     87%         3
 Tukima's Dance           Hex            #.......     87%         3


Dungeon Overview and Level Annotations

Branches:
Dungeon (12/15)            Temple (1/1) D:7            Lair (0/6) D:8
    Orc (0/2) D:9

Altars:
Ashenzari
Cheibriados
Dithmenos
Elyvilon
Fedhas
Gozag
Hepliaklqana
Kikubaaqudgha
Makhleb
Nemelex Xobeh
Okawaru
Qazlal
Ru
Sif Muna
Trog
Uskayaw
Vehumet
Wu Jian
Xom
Yredelemnul
Zin
The Shining One

Shops:
D:4 *   D:11 [:[:

Annotations:
D:6 Harold
D:9 1 transporter
D:12 Jorgrun


Innate Abilities, Weirdness & Mutations

You cannot wear most types of armour.
You are very stealthy in the water. (Stealth+)
You are amphibious.
You can wear up to eight rings at the same time.
You can use your tentacles to constrict eight enemies at once.
Your skin changes colour to match your surroundings (Stealth+).
Your rubbery body absorbs attacks. (AC +1, EV +1)
One of your tentacles bears a spike.
Your body sometimes deteriorates upon taking damage.
You are occasionally teleported next to monsters.


Message History

Jorgrun is moderately wounded.
You constrict Jorgrun. You block Jorgrun's attack.
You slash Jorgrun!
You pierce Jorgrun, but do no damage.
Jorgrun is moderately wounded.
You constrict Jorgrun.
Jorgrun points at you and mumbles some strange words.
The iron shot hits you!
Okay, then.
You hit Jorgrun.
You pierce Jorgrun, but do no damage.
Jorgrun is heavily wounded.
You constrict Jorgrun. Jorgrun casts a spell at you.
You struggle to resist.
You slash Jorgrun!
You pierce Jorgrun, but do no damage.
Jorgrun is severely wounded.
You constrict Jorgrun!
Jorgrun points at you and mumbles some strange words.
The iron shot hits you!!!
Ouch! That really hurt!
You die...

#..# #..####................
#..####......................
#.......#####......=.########
#)......# #........# #
#..####.# #........# # #..#
#.# ##........# # #..# #.#
##.........# # #..#
##.###.#........########
#..........g@................
#............................
#.#####..####...###..........
#. #..# #...# #.......... #.
#...# #.......... #. #...#
#.......... #. ....#
#.......... ................
............


You could see Jorgrun.

Vanquished Creatures
  A hydra (D:11)
  3 two-headed ogres (D:11)
  2 unseen horrors
  A gargoyle (D:11)
  Maggie (D:7)
  A troll (D:12)
  A hornet (D:9)
  Sigmund (D:2)
  A wraith (D:8)
  22 yaks
  3 wyverns
  2 soldier ants
  6 water moccasins
  3 black bears
  3 ice beasts
  5 orc warriors
  3 phantoms
  A swamp drake (D:9)
  2 eyes of draining
  3 ogres
  2 sky beasts
  4 centaurs
  A big kobold (D:8)
  A gnoll sergeant (D:10)
  4 bullfrogs
  A water moccasin zombie (D:5)
  A wyvern zombie (D:11)
  7 scorpions
  6 killer bees (D:10)
  8 wights
  3 howler monkeys
  2 electric eels
  A centaur zombie (D:7)
  7 hounds
  3 jellies
  4 orc priests
  2 bullfrog skeletons
  4 iguanas
  10 orc wizards
  11 worker ants
  2 hound skeletons
  A howler monkey zombie (D:11)
  A worker ant zombie (D:8)
  9 gnolls
  A howler monkey skeleton (D:7)
  17 adders
  4 white imps
  An ufetubus (D:9)
  4 oozes
  An adder zombie (D:5)
  An adder skeleton (D:4)
  2 worms
  7 dart slugs
  8 leopard geckos
  44 orcs
  10 bats
  4 giant cockroaches
  8 goblins
  13 hobgoblins
  16 jackals
  11 kobolds
  3 quokkas
  6 frilled lizards
  A leopard gecko skeleton (D:6)
  8 rats
330 creatures vanquished.

Vanquished Creatures (others)
  An orc warrior (D:9)
  An orc priest (D:9)
  2 orc wizards (D:9)
  2 orcs (D:9)
  A jackal (D:11)
  4 bushes (D:8)
  6 fungi
  23 plants (D:8)
40 creatures vanquished.

Grand Total: 370 creatures vanquished

Notes
Turn   | Place    | Note
-------+----------+-------------------------------------------
     0 | D:1      | Ijustatesigmund the Octopode Fighter began the quest for
                  | the Orb.
     0 | D:1      | Reached XP level 1. HP: 16/16 MP: 1/1
   270 | D:1      | Reached XP level 2. HP: 21/21 MP: 2/2
   480 | D:1      | Reached XP level 3. HP: 26/26 MP: 3/3
   884 | D:1      | Reached XP level 4. HP: 29/31 MP: 4/4
  1216 | D:2      | Found a shadowy altar of Dithmenos.
  1384 | D:2      | Noticed Sigmund
  1390 | D:2      | Killed Sigmund
  1390 | D:2      | Reached skill level 4 in Fighting
  1390 | D:2      | Reached XP level 5. HP: 21/37 MP: 5/5
  1390 | D:2      | Reached XP level 6. HP: 24/43 MP: 6/6
  2350 | D:3      | Gained mutation: You are weak. (Str -2) [potion of
                  | mutation]
  2350 | D:3      | Gained mutation: You are very weak. (Str -4) [potion of
                  | mutation]
  2350 | D:3      | Gained mutation: Your system is resistant to poisons.
                  | (rPois) [potion of mutation]
  2547 | D:3      | Learned a level 1 spell: Magic Dart
  2550 | D:3      | Learned a level 2 spell: Blink
  2596 | D:3      | Found a burning altar of Makhleb.
  2602 | D:3      | Reached XP level 7. HP: 41/49 MP: 7/7
  2842 | D:3      | Found a blossoming altar of Fedhas.
  2985 | D:4      | Reached skill level 1 in Translocations
  3233 | D:4      | Found an opulent altar of Gozag.
  3409 | D:5      | Entered Level 5 of the Dungeon
  3433 | D:5      | Reached skill level 5 in Fighting
  3619 | D:4      | You fall into a shaft and drop 1 floor!
  3939 | D:4      | Found a shimmering blue altar of Sif Muna.
  3939 | D:4      | Found a white marble altar of Elyvilon.
  4092 | D:4      | Found Zaeghux's Assorted Antiques.
  4134 | D:5      | Found a blossoming altar of Fedhas.
  4140 | D:5      | Reached XP level 8. HP: 40/56 MP: 5/8
  4146 | D:5      | Reached skill level 5 in Axes
  4692 | D:5      | Reached skill level 6 in Fighting
  5396 | D:5      | Lost mutation: Your system is resistant to poisons. (rPois)
                  | [potion of mutation]
  5396 | D:5      | Gained mutation: You do not regenerate when monsters are
                  | visible. [potion of mutation]
  5396 | D:5      | Gained mutation: Your spells are a little easier to cast,
                  | but a little less powerful. [potion of mutation]
  5396 | D:5      | Lost mutation: Your spells are a little easier to cast, but
                  | a little less powerful. [potion of mutation]
  5396 | D:5      | Gained mutation: Your flesh is cold resistant. (rC+)
                  | [potion of mutation]
  6543 | D:6      | Reached XP level 9. HP: 61/63 MP: 9/9
  6597 | D:6      | Reached skill level 7 in Fighting
  6597 | D:6      | Reached skill level 5 in Translocations
  6858 | D:7      | Noticed Harold
  7561 | D:7      | Found a staircase to the Ecumenical Temple.
  7832 | D:7      | Noticed Maggie
  7840 | D:7      | Killed Maggie
  8157 | D:7      | Found an iron altar of Okawaru.
  8394 | D:7      | Reached skill level 8 in Fighting
  8979 | D:7      | Reached skill level 5 in Dodging
  8979 | D:7      | Reached skill level 5 in Shields
  8979 | D:7      | Reached XP level 10. HP: 69/72 MP: 10/10
  9641 | D:4      | Bought a pearl ring for 150 gold pieces
  9641 | D:4      | Bought a sapphire potion for 27 gold pieces
  9819 | D:8      | Lost mutation: You do not regenerate when monsters are
                  | visible. [potion of mutation]
  9819 | D:8      | Lost mutation: You are very weak. (Str -4) [potion of
                  | mutation]
  9819 | D:8      | Lost mutation: Your flesh is cold resistant. (rC+) [potion
                  | of mutation]
  9819 | D:8      | Lost mutation: You are weak. (Str -2) [potion of mutation]
  9819 | D:8      | Gained mutation: Your body sometimes deteriorates upon
                  | taking damage. [potion of mutation]
  9819 | D:8      | Gained mutation: You are occasionally teleported next to
                  | monsters. [potion of mutation]
  9819 | D:8      | Gained mutation: One of your tentacles bears a spike.
                  | [potion of mutation]
 10465 | D:9      | Found a staircase to the Orcish Mines.
 10760 | D:9      | Reached skill level 9 in Fighting
 11551 | D:9      | Found a transporter.
 11553 | D:9      | Found a transporter.
 11554 | D:9      | Noticed a boulder beetle
 11583 | D:8      | Found a staircase to the Lair.
 11984 | D:9      | Reached XP level 11. HP: 61/80 MP: 11/11
 12901 | D:10     | Entered Level 10 of the Dungeon
 13709 | D:10     | Killed an unseen horror
 14422 | Temple   | Entered the Ecumenical Temple
 14520 | Temple   | Became a worshipper of Cheibriados the Contemplative
 14699 | D:10     | Found a stormy altar of Qazlal.
 14892 | D:11     | Noticed a two-headed ogre
 14902 | D:11     | Killed a two-headed ogre
 14902 | D:11     | Reached skill level 10 in Fighting
 14902 | D:11     | Reached skill level 1 in Invocations
 15079 | D:11     | Found Borghocs's Armour Boutique.
 15152 | D:11     | Reached skill level 1 in Stealth
 15200 | D:11     | Noticed a two-headed ogre
 15209 | D:11     | Killed a two-headed ogre
 15678 | D:11     | Found Zeamn's Book Shoppe.
 16039 | D:11     | Noticed a four-headed hydra
 16052 | D:11     | Killed a four-headed hydra
 16052 | D:11     | Reached skill level 5 in Stealth
 16073 | D:11     | Found Nooss's Distillery.
 16088 | D:11     | Found Omeacaum's Book Shoppe.
 16090 | D:11     | Reached * piety under Cheibriados
 16323 | D:11     | Noticed a two-headed ogre
 16327 | D:11     | Found Pular's Armour Shop.
 16335 | D:11     | Killed a two-headed ogre
 16335 | D:11     | Reached skill level 5 in Invocations
 16335 | D:11     | Reached XP level 12. HP: 51/87 MP: 15/15
 17772 | D:12     | Noticed Jorgrun
 17799 | D:12     | Reached skill level 12 in Fighting
 17799 | D:12     | Reached XP level 13. HP: 98/98 MP: 17/17
 17800 | D:12     | Reached skill level 13 in Fighting
 17800 | D:12     | Reached skill level 10 in Stealth
 17800 | D:12     | Reached XP level 14. HP: 106/106 MP: 18/18
 17820 | D:12     | Killed from afar by Jorgrun

Illustrated notes

Levels and vault maps discovered:
D:1:      psy_arrival_terrarium, layout_basic, minmay_circled_x
D:2:      layout_loops_cross, nicolae_dithmenos_shadow_blocks, uniq_sigmund
D:3:      layout_basic, marbit_many_paths, makhleb_heckhound_becter
D:4:      layout_cave_pools, lemuel_crystal_altar,
          gammafunk_temple_overflow_elements, serial_shops, shop
D:5:      layout_cave_pods, fedhas_altar_2
D:6:      layout_basic, minmay_fractal_squares_gapless_5
D:7:      layout_cave_pools, overflow_temple_1_default,
          minmay_temple_entry_mini_moons, hangedman_minor_gate_pass,
          uniq_harold, uniq_maggie
D:8:      layout_rooms, minmay_lair_entry_grove
D:9:      gammafunk_boulding_lane, layout_rooms, erik_orc_1,
          minmay_misc_feat_alley, fungi_pond_lemuel
D:10:     layout_basic, nicolae_qazlal_style_of_elements
D:11:     layout_irregular_city, serial_shops, nicolae_shop_waterfront,
          kennysheep_mini, nicolae_shop_waterfront,
          nicolae_shop_window_shopping, shop_fountains, billiards_dpeg
D:12:     layout_small_grid, chequers_arboretum, kennysheep_generic_room_8,
          uniq_jorgrun
Temple:   eino_temple_rhombus

Skill      XL: |  1  2  3  4  5  6  7  8  9 10 11 12 13 |
---------------+----------------------------------------+-----
Fighting       | 4 5 6 8 9 10 12 13 | 13.5
Axes           | 3 4 6 7 9 |  9.8
Dodging        | 4 5 6 7 |  7.7
Shields        | 4 5 6 7 |  7.7
Translocations | 2 4 6 |  6.1
Invocations    | 5 6 |  6.2
Stealth        | 6 7 10 | 10.9

Action                   |  1- 3 |  4- 6 |  7- 9 | 10-12 | 13-15 || total
-------------------------+-------+-------+-------+-------+-------++-------
Melee: War axe           |    54 |    77 |   276 |   387 |     6 ||   800
       Tentacles         |     9 |    13 |    57 |    74 |     1 ||   154
       Constrict         |    17 |    23 |    57 |    48 |     1 ||   146
       Kick              |       |       |       |   113 |     5 ||   118
       Flail             |       |       |       |     2 |       ||     2
 Cast: Blink             |       |       |     4 |     1 |       ||     5
Invok: Bend Time         |       |       |       |       |     2 ||     2
Evoke: Wand              |       |       |       |    14 |       ||    14
  Use: Scroll            |       |     5 |    15 |    14 |       ||    34
       Potion            |       |     2 |    11 |     7 |     1 ||    21
 Stab: Sleeping          |     7 |     3 |    10 |    12 |       ||    32
       Distracted        |       |       |       |     1 |       ||     1
Armor: Skin              |     5 |     4 |    13 |     8 |       ||    30
Dodge: Dodged            |    22 |    43 |   145 |   163 |       ||   373
Block: Kite shield       |    16 |    33 |   159 |   223 |     2 ||   433

Table legend: (Time is in decaauts)
 A = Elapsed time spent in this place.
 B = Non-inter-level travel time spent in this place.
 C = Inter-level travel time spent in this place.
 D = Time resting spent in this place.
 E = Time spent auto-exploring this place.
 F = Levels seen in this place.
 G = Mean time per level.
                   A        B        C        D        E       F      G
               +--------+--------+--------+--------+--------+-----+--------+
         Total |  18484 |  17683 |    801 |   7342 |   7745 |  13 | 1421.8 |
       Dungeon |  18359 |  17576 |    783 |   7342 |   7645 |  12 | 1529.9 |
        Temple |    125 |    107 |     18 |      0 |    100 |   1 |  125.0 |
               +--------+--------+--------+--------+--------+-----+--------+

Top non-repeatable levels by time:
     D:9: 2987 daAuts
     D:7: 2074 daAuts
    D:11: 2052 daAuts
     D:6: 1859 daAuts
     D:5: 1683 daAuts
    D:10: 1492 daAuts
    D:12: 1267 daAuts
     D:4: 1193 daAuts
     D:2: 1144 daAuts
     D:1: 1107 daAuts
     D:8: 749 daAuts
     D:3: 747 daAuts
  Temple: 125 daAuts
